 Dungeon Crawl Stone Soup version 0.16.1-14-g82efdee (webtiles) character file.

215 KarvaRausku the Chopper (level 5, -4/45 HPs)
             Began as a Draconian Fighter on Apr 12, 2015.
             Slain by KarvaRausku's ghost (11 damage)
             ... on level 4 of the Dungeon.
             The game lasted 00:04:10 (2735 turns).

KarvaRausku the Chopper (Draconian Fighter)         Turns: 2735, Time: 00:04:10

Health: -4/45      AC:  7    Str: 19    XL:     5   Next: 60%
Magic:  5/5        EV: 10    Int:  9    God:
Gold:   193        SH:  9    Dex: 10    Spells: 0 memorised, 4 levels left

rFire  . . .     SeeInvis .     a - +0 war axe
rCold  . . .     Clarity  .     (armour unavailable)
rNeg   . . .     SustAb   .     c - +0 shield
rPois  .         Gourm    .     (helmet restricted)
rElec  .         Spirit   .     (no cloak)
rCorr  .         Warding  .     b - +0 pair of gloves
rMut   .         Stasis   .     u - +0 pair of boots
MR     .....                    (no amulet)
Stlth  +.........               (no ring)
                                (no ring)

@: not resistant to hostile enchantments, very unstealthy
A: unfitting armour, cold-blooded, AC +5
a: no special abilities


You were on level 4 of the Dungeon.
You were not hungry.

You visited 1 branch of the dungeon, and saw 4 of its levels.

You collected 193 gold pieces.

Inventory:

Hand weapons
 a - a +0 war axe (weapon)
 v - a +0 war axe
Armour
 b - a +0 pair of gloves (worn)
 c - a +0 shield (worn)
 d - a +0 pair of boots
 u - a +0 pair of boots (worn)
Jewellery
 g - an uncursed amulet of faith {unknown}
 l - an uncursed amulet of warding {unknown}
 t - an uncursed amulet of guardian spirit {unknown}
 z - an uncursed ring of magical power {unknown}
Magical devices
 y - a wand of paralysis (20)
Scrolls
 j - 4 scrolls of identify {unknown}
 m - a scroll of recharging {unknown}
 n - 3 scrolls of remove curse {unknown}
 q - a scroll of teleportation {unknown}
 r - a scroll of enchant armour {unknown}
 E - a scroll of enchant weapon {unknown}
Potions
 e - 2 potions of might
 i - a potion of heal wounds {unknown}
 k - a potion of restore abilities
 o - a potion of lignification {unknown}
 p - a potion of curing {unknown}
 s - a potion of magic {unknown}
 A - 2 potions of haste {unknown}
 B - a potion of degeneration {unknown}
 C - a potion of brilliance {unknown}
 F - a potion of cancellation {unknown}
Books
 x - a book of Transfigurations

   Spells                             Type                      Level
   a - Stoneskin                      Transmutation/Earth          2
   b - Irradiate                      Conjuration/Transmutation    5
   c - Statue Form                    Transmutation/Earth          6
   d - Hydra Form                     Transmutation                6
   e - Dragon Form                    Transmutation                7
Comestibles
 f - 4 bread rations
 h - 3 meat rations
 w - a beef jerky
 D - a chunk of flesh


   Skills:
 - Level 3.2 Fighting
 + Level 6.0 Axes
 - Level 2.6 Dodging
 - Level 3.0 Shields


You had 4 spell levels left.
You didn't know any spells.

Dungeon Overview and Level Annotations

Branches:
Dungeon (4/15)
 Temple: D:4-7

Altars:
Fedhas
Gozag
Qazlal
Sif Muna
Xom
Zin

Annotations:
D:3 exclusion: oklob plant
D:4 KarvaRausku's ghost, experienced DrBe


Innate Abilities, Weirdness & Mutations

Your plain brown scales are hard (AC +5).
Your body does not fit into most forms of armour.
Your cold-blooded metabolism reacts poorly to cold.


Message History

You hit KarvaRausku's ghost.
KarvaRausku's ghost is severely damaged.
KarvaRausku's ghost barely misses you.
You completely miss KarvaRausku's ghost.
Your tail-slap misses KarvaRausku's ghost.
KarvaRausku's ghost is severely damaged.
You block KarvaRausku's ghost's attack.
You hit KarvaRausku's ghost but do no damage.
KarvaRausku's ghost is severely damaged.
KarvaRausku's ghost hits you!
* * * LOW HITPOINT WARNING * * *
You are too injured to fight recklessly!
You hit KarvaRausku's ghost but do no damage.
You tail-slap KarvaRausku's ghost, but do no damage.
KarvaRausku's ghost is severely damaged.
You block KarvaRausku's ghost's attack.
Drink which item? (? for menu, Esc to quit)
It was a potion of restore abilities.
You feel refreshed. KarvaRausku's ghost hits you!
You die...

.... #.## ...?..#.. ##.
#......#. ###.#
##........ #....#
.#........ ....(...
.).......# .........#
.........# #.....####.
..........# #.......#...
#......W@.###............
#....####....##.........#
. ##..## #.(......#
##..####.......##
...###..............#
...?................##
#..###..#..####.......
#..##..#####.....
#.####..###......


You could see KarvaRausku's ghost.

Vanquished Creatures
  A centaur skeleton (D:4)
  2 worker ants (D:4)
  2 adders
  3 gnolls (D:2)
  5 worms
  2 oozes
  An orc (D:3)
  9 bats
  3 giant cockroaches (D:2)
  9 goblins
  6 hobgoblins
  4 jackals
  A quokka (D:3)
  3 ball pythons
  A giant gecko (D:3)
  4 giant newts
  4 kobolds
  6 rats
66 creatures vanquished.

Notes
Turn   | Place    | Note
--------------------------------------------------------------
     0 | D:1      | KarvaRausku, the Draconian Fighter, began the quest for the Orb.
     0 | D:1      | Reached XP level 1. HP: 19/19 MP: 1/1
   333 | D:1      | Reached XP level 2. HP: 26/26 MP: 2/2
   863 | D:2      | Found a glowing silver altar of Zin.
   864 | D:2      | Found an opulent altar of Gozag.
   947 | D:2      | Reached XP level 3. HP: 15/31 MP: 3/3
  1130 | D:2      | Reached skill level 4 in Axes
  1168 | D:2      | Reached XP level 4. HP: 23/38 MP: 4/4
  1333 | D:2      | Found a shimmering altar of Xom.
  1680 | D:3      | Found a blossoming altar of Fedhas.
  1692 | D:3      | Noticed an oklob plant
  1795 | D:3      | Found a stormy altar of Qazlal.
  1808 | D:3      | Reached skill level 5 in Axes
  2198 | D:3      | Found a deep blue altar of Sif Muna.
  2554 | D:3      | Reached XP level 5. HP: 39/45 MP: 5/5
  2685 | D:4      | Reached skill level 6 in Axes
  2720 | D:4      | Noticed KarvaRausku's ghost (experienced DrBe)
  2735 | D:4      | Slain by KarvaRausku's ghost

Action                   |  1- 3 |  4- 6 || total
-------------------------+-------+-------++-------
Melee: War axe           |    70 |   143 ||   213
  Use: Potion            |       |     1 ||     1
 Stab: Sleeping          |     1 |       ||     1
  Eat: Chunk             |     1 |     5 ||     6
